 Dungeon Crawl Stone Soup version 0.21.1-1-g345015fe64 (webtiles) character file.

1510 Henning the Ruffian (level 8, 0/79 HPs)
             Began as a Troll Berserker on June 12, 2018.
             Was a Priest of Trog.
             Slain by a killer bee (5 damage)
             ... on level 6 of the Dungeon.
             The game lasted 00:28:48 (4948 turns).

Henning the Ruffian (Troll Berserker)               Turns: 4948, Time: 00:28:49

Health: 0/79       AC:  7    Str: 27    XL:     8   Next: 53%
Magic:  7/7        EV: 16    Int:  3    God:    Trog [***...]
Gold:   316        SH:  0    Dex: 10    Spells: 7/7 levels left

rFire    . . .     SeeInvis .     - Unarmed
rCold    . . .     Gourm    +   (no shield)
rNeg     . . .     Faith    .   g - +1 robe
rPois    .         Spirit   .   (helmet restricted)
rElec    .         Reflect  .   f - +0 cloak (curse)
rCorr    +         Harm     .   (gloves unavailable)
MR       .....                  (boots unavailable)
Stlth    +.........             (no amulet)
HPRegen  0.63/turn              q - +5 ring of evasion
MPRegen  0.10/turn              l - ring of resist corrosion

@: lethally poisoned (0 -> -1)
A: large, unfitting armour, claws 3, fast metabolism 3, gourmand, regeneration
1, shaggy fur 1, tough skin 2
a: Berserk, Trog's Hand, Burn Spellbooks, Renounce Religion


You were on level 6 of the Dungeon.
You worshipped Trog.
Trog was most pleased with you.
You were full.

You visited 1 branch of the dungeon, and saw 7 of its levels.
You also visited: Sewer.

You collected 316 gold pieces.

Inventory:

Armour
 a - a +0 animal skin
 f - a cursed +0 cloak (worn)
 g - a +1 robe (worn)
Jewellery
 d - an uncursed ring of protection from magic
 l - a ring of resist corrosion (right claw)
 o - an uncursed ring of ice
 q - a +5 ring of evasion (left claw)
 v - an uncursed ring of fire
Wands
 h - a wand of random effects (32)
 s - a wand of iceblast (3)
 x - a wand of polymorph (20)
Scrolls
 k - 3 scrolls of remove curse
 m - 4 scrolls of teleportation
 p - 5 scrolls of identify
Potions
 c - 3 potions of curing
 e - 2 potions of cancellation {unknown}
 j - a potion of berserk rage {unknown}
 n - a potion of degeneration {unknown}
 r - a potion of mutation {unknown}
 u - 2 potions of lignification {unknown}
 z - a potion of might {unknown}
 A - 2 potions of magic {unknown}
 B - a potion of brilliance {unknown}
 C - 2 potions of heal wounds {unknown}
 E - 2 potions of agility
Comestibles
 b - 15 rations


   Skills:
 + Level 4.8 Fighting
 - Level 2.0 Throwing
 + Level 4.8 Dodging
 - Level 1.0 Stealth
 * Level 7.8 Unarmed Combat


You had 7 spell levels left.
You didn't know any spells.

Dungeon Overview and Level Annotations

Branches:
Dungeon (7/15)             Temple (0/1) D:6

Altars:
Gozag


Innate Abilities, Weirdness & Mutations

You are too large for most types of armour.
You have claws for hands.
Your metabolism is lightning-fast.
You like to eat raw meat.
Your natural rate of healing is unusually fast.
You are covered in fur. (AC +1)
You have very tough skin. (AC +2)


Message History

You feel sick.
The killer bee stings you but does no damage.
A shadow imp comes into view.
You miss the killer bee.
The killer bee stings you but does no damage.
The killer bee barely misses you.
You closely miss the killer bee.
You feel sick. The killer bee closely misses you.
The orc warrior hits you from afar with a halberd!!
* * * LOW HITPOINT WARNING * * *
You barely miss the killer bee. The killer bee closely misses you.
The killer bee stings you but does no damage.
The orc warrior misses you. The killer bee barely misses you.
You miss the killer bee.
You feel sick. The killer bee closely misses you. x2
The killer bee barely misses you. The orc warrior barely misses you.
You closely miss the killer bee. The killer bee barely misses you.
The killer bee stings you!
* * * LOW HITPOINT WARNING * * *
The killer bee barely misses you. The killer bee stings you.
You die...

####.# ########
#.... ### #### ###..
#... ####.. #...
#..... #..# #.....
##..# #....# #5o#
.#.#### #y##
#.#.#### #@y##
#..#..... ##..##
#..#######
#.#..###..# 8
##.#..#..# 8.
#.#.#...# ###8.
######.#### #..8.
######....####.##8
#.#...............##
#..........(.......#


You could see an orc warrior, 2 killer bees and a shadow imp.

Vanquished Creatures
  The ghost of Henning the Cudgeler, an amateur TrWr (D:3)
  Edmund (D:4)
  2 sky beasts (D:5)
  3 phantoms (D:4)
  A bullfrog (D:7)
  A scorpion (D:6)
  A howler monkey (D:6)
  A crimson imp (D:5)
  A centaur zombie (D:6)
  2 hounds
  A bullfrog zombie (D:5)
  3 orc priests
  2 orc wizards (D:5)
  A bullfrog skeleton (D:5)
  Ijyb (D:3)
  A worker ant (D:6)
  6 adders
  2 river rats (Sewer)
  2 oozes
  An adder skeleton (D:4)
  3 worms
  9 dart slugs (D:4)
  A leopard gecko (D:3)
  14 orcs
  4 giant cockroaches
  A goblin (D:2)
  6 hobgoblins
  2 quokkas
  7 ball pythons
  7 bats
  10 frilled lizards
  A jackal zombie (D:5)
  A kobold (D:2)
  A leopard gecko skeleton (D:4)
  15 rats
116 creatures vanquished.

Notes
Turn   | Place    | Note
-------+----------+-------------------------------------------
     0 | D:1      | Henning the Troll Berserker began the quest for the Orb.
     0 | D:1      | Reached XP level 1. HP: 22/22 MP: 0/0
   288 | D:1      | Reached XP level 2. HP: 28/29 MP: 1/1
   685 | D:2      | Reached XP level 3. HP: 24/36 MP: 2/2
   904 | D:2      | Found an opulent altar of Gozag.
  1038 | D:2      | Found a faded altar of an unknown god.
  1554 | D:3      | Reached skill level 4 in Unarmed Combat
  1650 | D:3      | Reached ** piety under Trog
  1711 | D:3      | Reached XP level 4. HP: 42/44 MP: 3/3
  1734 | D:3      | Noticed Henning's ghost (amateur TrWr)
  1778 | D:3      | Killed Henning's ghost
  1778 | D:3      | Reached skill level 1 in Throwing
  1778 | D:3      | Reached XP level 5. HP: 12/53 MP: 4/4
  1778 | D:3      | Reached XP level 6. HP: 14/61 MP: 5/5
  1914 | D:4      | Noticed Edmund
  1924 | D:4      | Killed Edmund
  1924 | D:4      | Reached skill level 1 in Stealth
  1924 | D:4      | Reached skill level 5 in Unarmed Combat
  1997 | D:3      | Noticed Ijyb
  2002 | D:3      | Killed Ijyb
  2413 | D:4      | Reached XP level 7. HP: 63/68 MP: 6/6
  2540 | D:4      | HP: 5/102 [poisoned by an orc]
  2770 | D:4      | Reached skill level 6 in Unarmed Combat
  2881 | D:5      | Entered Level 5 of the Dungeon
  3224 | D:5      | Reached *** piety under Trog
  3320 | D:5      | Reached XP level 8. HP: 78/78 MP: 7/7
  3488 | D:5      | Found a glowing drain.
  3500 | Sewer    | Entered a sewer
  4115 | D:5      | Reached skill level 7 in Unarmed Combat
  4896 | D:6      | Found a staircase to the Ecumenical Temple.
  4948 | D:6      | Slain by a killer bee

Skill      XL: |  1  2  3  4  5  6  7  8 |
---------------+-------------------------+-----
Unarmed Combat | 4 5 6 7 |  7.8
Fighting       | 3 4 |  4.8
Throwing       | 1 2 |  2.0
Dodging        | 3 4 |  4.8
Stealth        | 1 |  1.0

Action                   |  1- 3 |  4- 6 |  7- 9 || total
-------------------------+-------+-------+-------++-------
Melee: Unarmed           |   121 |    53 |   189 ||   363
       Punch             |       |     3 |     3 ||     6
Invok: Burn Spellbooks   |       |       |     1 ||     1
       Berserk           |       |       |     1 ||     1
       Trog's Hand       |       |       |     1 ||     1
  Use: Scroll            |     3 |       |     6 ||     9
       Potion            |       |       |     1 ||     1
 Stab: Sleeping          |       |       |     2 ||     2
  Eat: Chunk             |    21 |     4 |    25 ||    50
Armor: Robe              |    54 |     8 |    38 ||   100
       Animal skin       |     1 |       |       ||     1
Dodge: Dodged            |    61 |    18 |   166 ||   245
